 Dungeon Crawl Stone Soup version 0.29-a0-822-ga620ab95ad (webtiles) character file.

Game seed: 13376569893552512578

60463 Garessta the Unseen (level 14, 69/69 HPs)
             Began as a Felid Air Elementalist on July 7, 2022.
             Was an Initiate of Gozag.
             Quit the game on level 2 of the Elven Halls on July 8, 2022.
             The game lasted 03:32:46 (56734 turns).

Garessta the Unseen (Felid Air Elementalist)       Turns: 56734, Time: 03:32:47

Health: 69/69      AC:  3    Str: 12    XL:     14   Next: 57%
Magic:  31/31      EV: 31    Int: 27    God:    Gozag
Gold:   790        SH:  0    Dex: 21    Spells: 5/37 levels left
                                        Lives:  0   Deaths: 3

rFire   . . .      SeeInvis +     - Unarmed
rCold   + . .      Faith    .   (shield unavailable)
rNeg    . . .      Spirit   .   (body armour unavailable)
rPois   .          Reflect  .   (helmet unavailable)
rElec   .          Harm     .   (cloak unavailable)
rCorr   .          Rampage  .   (gloves unavailable)
Will    +++..                   (boots unavailable)
Stlth   ++++++....              t - amulet "Evine" {Regen+ Str+6 Dex+3}
HPRegen 1.01/turn               u - ring of Upyhozue {Wiz Str+2 Int+4}
MPRegen 0.22/turn               L - ring of willpower

@: quick
A: very small, claws 1, fangs 3, see invisible, speed 1, shaggy fur 3, stealthy
paws, no weapons or thrown items, no armour, multi-lived
a: Renounce Religion, Potion Petition, Call Merchant, Bribe Branch


You were on level 2 of the Elven Halls.
You worshipped Gozag.
Gozag was pleased with you.
You visited 6 branches of the dungeon, and saw 27 of its levels.
You also visited: Bailey and Ice Cave.

You collected 11662 gold pieces.
You spent 4912 gold pieces at shops.
You paid 5960 gold pieces to Gozag.

Inventory:

Jewellery
 m - a +4 ring of evasion
 n - a +4 ring of evasion
 t - the amulet "Evine" (around neck) {Regen+ Str+6 Dex+3}
   (You acquired it on level 2 of the Orcish Mines)

   [amulet of regeneration]

   Str:       It affects your strength (+6).
   Dex:       It affects your dexterity (+3).
   Regen:     It increases your rate of health regeneration.
 u - the ring of Upyhozue (left paw) {Wiz Str+2 Int+4}
   (You acquired it on level 9 of the Dungeon)

   [ring of wizardry]

   It improves your spell success rate.
   Str:       It affects your strength (+2).
   Int:       It affects your intelligence (+4).
 y - a ring of protection from cold
 C - a +6 ring of intelligence
 L - a ring of willpower (right paw)
 M - a ring of poison resistance
Wands
 s - a wand of polymorph (23)
 x - a wand of iceblast (7)
 A - a wand of charming (11)
 F - a wand of digging (17)
 O - a wand of flame (25)
 P - a wand of acid (14)
Scrolls
 b - 7 scrolls of teleportation
 d - 2 scrolls of silence
 f - a scroll of fog
 g - 2 scrolls of blinking
 o - 7 scrolls of vulnerability
 v - a scroll of magic mapping
 z - 5 scrolls of amnesia
 E - 3 scrolls of poison
 G - 2 scrolls of torment
 J - 6 scrolls of identify
Potions
 a - 3 potions of magic
 c - 3 potions of cancellation
 e - a potion of resistance
 h - 2 potions of invisibility
 k - 10 potions of brilliance
 l - 16 potions of curing
 p - 8 potions of attraction
 q - 4 potions of haste
 r - 7 potions of might
 w - 2 potions of ambrosia
 D - 7 potions of mutation
 H - 4 potions of lignification
 I - 2 potions of flight
Miscellaneous
 B - a piece from Xom's chessboard (14/15)
 K - a phantom mirror


   Skills:
 + Level 12.5 Fighting
 + Level 14.9 Dodging
 - Level 15.0 Stealth
 - Level 10.5 Unarmed Combat
 + Level 12.2 Spellcasting
 - Level 0.8 Conjurations
 + Level 8.6 Translocations
 + Level 10.0 Transmutations
 + Level 13.4 Air Magic
 - Level 6.6 Earth Magic


You had 5 spell levels left.
You knew the following spells:

 Your Spells              Type           Power      Damage    Failure   Level
a - Statue Form           Tmut/Erth      38%        N/A       7%          6
b - Static Discharge      Conj/Air       53%        3-10/arc  1%          2
c - Swiftness             Air            73%        N/A       1%          3
d - Airstrike             Air            36%        0-12+     1%          4
e - Mephitic Cloud        Conj/Pois/Air  42%        N/A       1%          3
f - Ignite Poison         Fire/Tmut/Pois 34%        N/A       1%          3
g - Lightning Bolt        Conj/Air       26%        1d42      1%          5
h - Shock                 Conj/Air       100%       1d9       1%          1
i - Wereblood             Tmut           63%        N/A       1%          2
j - Lesser Beckoning      Tloc           58%        N/A       1%          3

Your spell library contained the following spells:

 Spells                   Type           Power      Damage    Failure   Level
 Foxfire                  Conj/Fire      72%        2x1d7     1%          1
 Magic Dart               Conj           84%        1d7       1%          1
 Searing Ray              Conj           42%        2d6       1%          2
 Gell's Gravitas          Tloc           58%        N/A       1%          3
 Spider Form              Tmut/Pois      43%        N/A       1%          3
 Teleport Other           Tloc           58%        N/A       1%          3
 Summon Lightning Spire   Summ/Air       51%        N/A       1%          4
 Call Imp                 Summ           16%        N/A       2%          2
 Ensorcelled Hibernation  Hex/Ice        32%        N/A       2%          2
 Conjure Flame            Conj/Fire      18%        6-21      3%          3
 Inner Flame              Hex/Fire       16%        N/A       4%          3
 Ozocubu's Armour         Ice            16%        N/A       4%          3
 Alistair's Intoxication  Tmut/Pois      28%        N/A       4%          5
 Freezing Cloud           Conj/Ice/Air   21%        6-21      6%          5
 Flame Wave               Conj/Fire      18%        2d6       12%         4
 Fulminant Prism          Conj/Hex       9%         3d7       12%         4
 Anguish                  Hex/Necr       8%         N/A       14%         4
 Dispel Undead            Necr           16%        3d10      14%         4
 Summon Ice Beast         Ice/Summ       16%        N/A       14%         4
 Iskenderun's Battlesphe  Conj           21%        2d7       26%         5
 Summon Mana Viper        Hex/Summ       16%        N/A       34%         5
 Maxwell's Capacitive Co  Air            36%        ∞         32%         8
 Iron Shot                Conj/Erth      18%        9d4       41%         6
 Death Channel            Necr           8%         N/A       88%         6
 Monstrous Menagerie      Summ           8%         N/A       100%        7
 Ozocubu's Refrigeration  Ice            8%         4d6       100%        7
 Spellforged Servitor     Conj/Summ      9%         N/A       100%        7
 Borgnjor's Revivificati  Necr           8%         N/A       100%        8
 Necromutation            Tmut/Necr      21%        N/A       100%        8
 Death's Door             Necr           8%         N/A       100%        9
 Corpse Rot               Necr/Pois/Air  Unusable   N/A       N/A         4

Dungeon Overview and Level Annotations

Branches:
Dungeon (15/15)            Temple (1/1) D:6            Lair (6/6) D:10
 Shoals (0/4) Lair:2        Snake (0/4) Lair:2        Slime (0/5) Lair:5
    Orc (2/2) D:9             Elf (2/3) Orc:2        Vaults (0/5) D:13
 Depths (1/4) D:15         Bailey (visited)           IceCv (visited)

Altars:
Ashenzari
Cheibriados
Dithmenos
Elyvilon
Fedhas
Gozag
Hepliaklqana
Kikubaaqudgha
Makhleb
Nemelex Xobeh
Okawaru
Qazlal
Ru
Sif Muna
Trog
Uskayaw
Vehumet
Wu Jian
Xom
Yredelemnul
Zin
The Shining One
Jiyva

Shops:
D:1 ?   D:2 !   D:6 *[   D:9 (   D:10 **   D:12 :   Orc:2 ([(*   Lair:5 **

Portals:
Hell: Depths:1
Ziggurat: Depths:1


Innate Abilities, Weirdness & Mutations

You have sharp claws.
You have razor-sharp teeth.
You have supernaturally acute eyesight. (SInv)
You cover ground quickly. (Speed+)
Your thick and shaggy fur keeps you warm. (AC +3, rC+)
Your paws help you pounce on unaware monsters.
You are incapable of wielding weapons or throwing items.
You cannot wear armour.
You gain extra lives every three experience levels.


Message History

You claw the deep elf blademaster!
Your claw misses the deep elf blademaster.
You bite the deep elf blademaster, but do no damage.
The deep elf blademaster is lightly wounded.
The deep elf blademaster misses you. x2
The +2 flail of protection barely misses you.
The deep elf blademaster completely misses you.
The deep elf blademaster hits you with a +0 rapier.
* * * LOW HITPOINT WARNING * * *
The +2 flail of protection completely misses you.
You miss the deep elf blademaster.
The deep elf blademaster is lightly wounded.
The deep elf blademaster completely misses you. x2
The +2 flail of protection hits you but does no damage.
The deep elf blademaster hits you with a +0 rapier.
* * * LOW HITPOINT WARNING * * *
The deep elf blademaster hits you with a +0 rapier!
* * * LOW HITPOINT WARNING * * *
The +2 flail of protection barely misses you.
You miss the deep elf blademaster. You claw the deep elf blademaster!
Your bite misses the deep elf blademaster.
The deep elf blademaster is moderately wounded.
The deep elf blademaster closely misses you.
The deep elf blademaster hits you but does no damage.
The +2 flail of protection hits you!
You die...
Your shape twists and changes as you die.
The deep elf blademaster completely misses you.
The deep elf blademaster hits you but does no damage.
You are now level 14!
You revert to your normal fleshy form.
You rejoin the land of the living...
Found a leather armour.
Save game and exit?
Welcome back, Garessta the Felid Air Elementalist.
Gozag says: Greed is good.
Press ? for a list of commands and other information.
Save game and exit?
Okay, then.
Are you sure you want to abandon this character and quit the game? (Confirm with "yes".) ############# +.....@[....+ #############

There were no monsters in sight!

Vanquished Creatures
  Zenata (Elf:1)
  Jorgrun (D:14)
  A lich (D:15)
  Frances (Elf:1)
  Gastronok (D:9)
  The ghost of crawlogic the Cleaver, a journeyman HOBe of Trog (Lair:6)
  A reaper (IceCv)
  5 spectral caustic shrikes (Depths:1)
  3 stone giants
  Azrael (Orc:2)
  Josephine (D:10)
  5 fire dragons (D:15)
  A rakshasa (Depths:1)
  A great orb of eyes (shapeshifter) (Elf:1)
  2 hydras
  An ogre mage (Orc:1)
  4 centaur warriors
  Erica (D:8)
  A boulder beetle (D:12)
  8 two-headed ogres
  2 orc high priests
  12 hell knights (D:15)
  11 deep elf knights
  5 deep elf archers
  A wizard (D:13)
  7 orc knights
  Pikel (D:9)
  17 deep elf pyromancers
  26 deep elf zephyrmancers
  2 necromancers
  6 oklob plants
  A wolf spider (Lair:6)
  6 ugly things (D:15)
  An orc sorcerer (Orc:1)
  3 cyclopes
  A manticore (D:15)
  An ice statue (IceCv)
  A guardian serpent (Lair:6)
  12 black mambas
  A gargoyle (D:14)
  5 molten gargoyles (D:14)
  3 unseen horrors
  17 cane toads
  A rime drake (shapeshifter) (Elf:1)
  A yaktaur (shapeshifter) (D:14)
  15 komodo dragons
  Maggie (D:9)
  6 rime drakes
  2 tengu conjurers (D:13)
  An entropy weaver simulacrum (IceCv)
  4 ice devils
  8 trolls
  A polar bear (shapeshifter) (D:14)
  3 hornets (Lair:6)
  10 polar bears (Lair:6)
  Prince Ribbit (D:9)
  15 blink frogs
  2 dream sheep (Lair:6)
  A raiju (Lair:6)
  3 water elementals
  2 air elementals (Elf:1)
  A shadow (D:9)
  64 yaks
  18 wyverns
  7 wraiths
  5 basilisks
  4 fire elementals
  Grum (D:10)
  12 vampire mosquitoes
  2 steam dragons
  2 death yak simulacra (IceCv)
  2 redbacks (Lair:6)
  Edmund (D:6)
  A harpy simulacrum (IceCv)
  19 wargs
  23 water moccasins
  16 hell hounds
  A water moccasin (shapeshifter) (D:13)
  A meliai simulacrum (D:14)
  40 orc warriors
  13 black bears
  2 ice beasts
  A sky beast (D:8)
  30 centaurs
  7 ogres
  34 wolves
  2 phantoms
  A lemure (D:9)
  2 necrophages
  3 kobold brigands
  12 bullfrogs
  3 scorpions
  2 cane toad simulacra (IceCv)
  3 earth elementals
  5 two-headed ogre simulacra (IceCv)
  7 wights
  2 elephant simulacra (IceCv)
  5 killer bees
  An electric eel (D:13)
  6 howler monkeys
  Crazy Yiuf (D:3)
  6 hounds
  4 jellies
  17 orc priests
  Ijyb (D:4)
  6 iguanas
  24 orc wizards
  A polar bear simulacrum (IceCv)
  5 troll simulacra (IceCv)
  4 spriggan simulacra (IceCv)
  A wolf simulacrum (IceCv)
  12 adders
  4 naga simulacra (IceCv)
  6 white imps (IceCv)
  6 ufetubi (IceCv)
  A worm (D:2)
  4 dart slugs
  84 orcs
  10 endoplasms
  5 giant cockroaches
  10 goblins
  7 hobgoblins
  21 kobolds
  5 quokkas
  7 ball pythons
  2 bats
  4 frilled lizards
  4 rats
883 creatures vanquished.

Vanquished Creatures (collateral kills)
  The ghost of Onkuvak the Brawler, a journeyman TrMo of Elyvilon (Lair:3)
  The ghost of Goddom the Grappler, a journeyman TrFi of Cheibriados (Lair:3)
  The ghost of Goddom the Grappler, a journeyman TrFi of Cheibriados (Lair:3)
  The ghost of Disaer the Grappler, a journeyman TrMo of Jiyva (Lair:3)
  The ghost of Gelon the Zephyrmancer, a journeyman TeAE of Vehumet (Lair:3)
  A black mamba (Lair:3)
  An entropy weaver simulacrum (IceCv)
  2 black bears (Lair:6)
9 creatures vanquished.

Vanquished Creatures (others)
  24 dancing weapons
  A human (D:9)
  5 bushes (Lair:6)
  55 fungi
  103 plants
  2 withered plants (Depths:1)
190 creatures vanquished.

Grand Total: 1082 creatures vanquished

Notes
Turn   | Place    | Note
-------+----------+-------------------------------------------
     0 | D:1      | Garessta the Felid Air Elementalist began the quest for the
                  | Orb.
     0 | D:1      | Reached XP level 1. HP: 7/7 MP: 4/4
   212 | D:1      | Reached XP level 2. HP: 11/11 MP: 1/6
   215 | D:1      | Learned a level 2 spell: Static Discharge
   839 | D:1      | Found Xytuoll's Magic Scroll Boutique.
   857 | D:1      | Bought a scroll of fog for 20 gold pieces
   857 | D:1      | Bought a scroll of identify for 20 gold pieces
  1411 | D:1      | Reached XP level 3. HP: 14/14 MP: 4/8
  1788 | D:2      | Learned a level 3 spell: Swiftness
  2138 | D:2      | Found Kerong's Distillery.
  2148 | D:2      | Bought a potion of curing for 42 gold pieces
  2600 | D:2      | Reached XP level 4. HP: 18/18 MP: 3/9
  3368 | D:3      | Found a runed translucent door.
  3369 | D:3      | Noticed Crazy Yiuf
  3488 | D:3      | Found a faded altar of an unknown god.
  3580 | D:3      | Found a hazy altar of Hepliaklqana.
  3780 | D:3      | Killed Crazy Yiuf
  4240 | D:4      | Reached XP level 5. HP: 20/21 MP: 4/11
  4355 | D:4      | Learned a level 4 spell: Airstrike
  4505 | D:4      | Noticed Ijyb
  4529 | D:4      | Killed Ijyb
  4530 | D:4      | Reached skill level 1 in Fighting
  4746 | D:4      | Reached skill level 5 in Air Magic
  4746 | D:4      | Gained mutation: You are covered in thick fur. (AC +2)
                  | [Felid growth]
  4746 | D:4      | Reached XP level 6. HP: 20/25 MP: 8/12
  5820 | D:5      | Entered Level 5 of the Dungeon
  5833 | D:5      | Reached XP level 7. HP: 13/30 MP: 3/14
  6799 | D:5      | Found a snail-covered altar of Cheibriados.
  6907 | D:5      | Reached skill level 5 in Spellcasting
  6907 | D:5      | Reached XP level 8. HP: 33/35 MP: 5/16
  7679 | D:5      | Found a shimmering blue altar of Sif Muna.
  7781 | D:6      | Found a staircase to the Ecumenical Temple.
  7790 | Temple   | Entered the Ecumenical Temple
  8265 | D:6      | Noticed Edmund
  8304 | D:6      | Killed Edmund
  8305 | D:6      | Reached skill level 5 in Fighting
  8305 | D:6      | Reached XP level 9. HP: 40/40 MP: 1/19
  8629 | D:6      | Reached skill level 3 in Stealth
  8747 | D:6      | Found a sacrificial altar of Ru.
  8830 | D:6      | Found an opulent altar of Gozag.
  8833 | D:6      | Found a glowing silver altar of Zin.
  8838 | D:6      | Became a worshipper of Gozag Ym Sagoz the Greedy
  8864 | D:6      | Found Pifei's Armour Shop.
  8915 | D:6      | Found Mougowna's General Store.
  9252 | D:7      | Reached skill level 1 in Unarmed Combat
  9387 | D:7      | Found a blossoming altar of Fedhas.
  9752 | D:7      | Reached skill level 4 in Stealth
 10681 | D:7      | Found a shadowy altar of Dithmenos.
 10738 | D:7      | Found an iron altar of Okawaru.
 10947 | D:8      | Learned a level 3 spell: Mephitic Cloud
 10994 | D:8      | Learned a level 3 spell: Ignite Poison
 11137 | D:8      | Found a burning altar of Makhleb.
 11168 | D:8      | Reached skill level 5 in Stealth
 11174 | D:8      | Noticed Erica
 11272 | D:8      | Found a white marble altar of Elyvilon.
 11284 | D:8      | Killed Erica
 11285 | D:8      | Reached skill level 5 in Dodging
 11285 | D:8      | Reached skill level 1 in Transmutations
 11285 | D:8      | Reached XP level 10. HP: 45/45 MP: 1/21
 12054 | D:8      | Reached skill level 6 in Stealth
 12510 | D:9      | Identified a scroll of acquirement
 12510 | D:9      | Acquired the ring of Upyhozue {Wiz Str+2 Int+4}
 12556 | D:9      | Found Pokyiwon's Antique Weapon Shoppe.
 12656 | D:9      | Found a flagged portal.
 12673 | Bailey   | Entered a bailey
 13075 | Bailey   | Noticed an orc knight
 13105 | Bailey   | Killed an orc knight
 13249 | Bailey   | Found a large runed translucent door.
 13249 | Bailey   | Found a large runed translucent door.
 13250 | Bailey   | Noticed a deep elf zephyrmancer
 13253 | Bailey   | Found the -2 hat of the Alchemist {rElec rPois rF+ rC+ rN+
                  | Will+ rMut rCorr}
 13352 | Bailey   | Killed a deep elf zephyrmancer
 13353 | Bailey   | Reached skill level 7 in Stealth
 13418 | Bailey   | Identified the +0 plate armour of the Baleful God {rCorr}
 13837 | D:9      | Noticed Pikel
 13843 | D:9      | Killed Pikel
 14029 | D:9      | Found an ancient bone altar of Kikubaaqudgha.
 14107 | D:9      | Noticed Prince Ribbit
 14114 | D:9      | Killed Prince Ribbit
 14206 | D:9      | Noticed Gastronok
 14223 | D:9      | Killed Gastronok
 14224 | D:9      | Reached XP level 11. HP: 50/50 MP: 11/23
 14390 | D:9      | Found a stormy altar of Qazlal.
 14630 | D:9      | Found an ornate altar of the Wu Jian Council.
 14832 | D:9      | Found a staircase to the Orcish Mines.
 15054 | D:9      | Found a sparkling altar of Nemelex Xobeh.
 15131 | D:10     | Entered Level 10 of the Dungeon
 15131 | D:10     | Noticed Maggie
 15160 | D:9      | Reached skill level 8 in Stealth
 15168 | D:9      | Killed Maggie
 15169 | D:9      | Reached skill level 5 in Unarmed Combat
 15622 | D:10     | Noticed Josephine
 15632 | D:10     | Killed Josephine
 15786 | D:10     | Reached skill level 10 in Air Magic
 16035 | D:10     | Noticed a two-headed ogre
 16045 | D:10     | Killed a two-headed ogre
 16294 | D:10     | Noticed Grum
 16615 | D:10     | Reached skill level 9 in Stealth
 16927 | D:10     | Killed Grum
 16996 | D:10     | Found a staircase to the Lair.
 17020 | D:10     | Found Yfegroh's General Store.
 17028 | D:10     | Bought a potion of lignification for 45 gold pieces
 17028 | D:10     | Bought a scroll of blinking for 112 gold pieces
 17273 | D:10     | Found a radiant altar of Vehumet.
 17609 | D:11     | Noticed a two-headed ogre
 17613 | D:11     | Killed a two-headed ogre
 18220 | D:11     | Gained mutation: Your thick and shaggy fur keeps you warm.
                  | (AC +3, rC+) [Felid growth]
 18220 | D:11     | Reached XP level 12. HP: 55/55 MP: 12/25
 18454 | D:11     | Noticed a five-headed hydra
 18459 | D:11     | Killed a five-headed hydra
 19273 | D:12     | Noticed a boulder beetle
 19469 | D:12     | Acquired 1078 gold pieces
 19541 | D:12     | Killed a boulder beetle
 19542 | D:12     | Reached skill level 10 in Stealth
 20438 | D:12     | Bought a Necronomicon for 840 gold pieces
 20438 | D:12     | Bought Latilut's Spellbook of Hazy Shaping for 690 gold
                  | pieces
 20438 | D:12     | Bought a book of Storms for 480 gold pieces
 20445 | D:12     | Learned a level 5 spell: Lightning Bolt
 20458 | D:13     | Identified the +1 robe "Xasituem" {+Inv Regen+ Dex-4
                  | Archmagi}
 20707 | D:13     | Identified the +10 morningstar of Temperance {holy, *Slow
                  | Str+2 Int+4}
 20867 | D:13     | Noticed a centaur warrior
 20914 | D:13     | Killed a centaur warrior
 20934 | D:13     | Noticed a two-headed ogre
 21229 | D:13     | Noticed a two-headed ogre
 21426 | D:13     | Killed a two-headed ogre
 21848 | D:13     | Found a gate to the Vaults.
 22376 | D:14     | Noticed a centaur warrior
 22378 | D:14     | Killed a centaur warrior
 22379 | D:14     | Reached skill level 10 in Dodging
 22379 | D:14     | Reached skill level 11 in Stealth
 22407 | D:14     | Noticed Jorgrun
 22423 | D:14     | HP: 1/57 [vampire mosquito (8)]
 22995 | Orc:1    | Entered Level 1 of the Orcish Mines
 23650 | Lair:1   | Entered Level 1 of the Lair of Beasts
 23794 | Lair:1   | Learned a level 6 spell: Statue Form
 25401 | Lair:2   | Reached XP level 13. HP: 31/60 MP: 8/27
 25627 | Lair:2   | Reached skill level 1 in Earth Magic
 26568 | Lair:2   | Found a staircase to the Snake Pit.
 27088 | Lair:2   | Found a staircase to the Shoals.
 27554 | Lair:3   | Found a runed translucent gate.
 27973 | Lair:3   | Identified the +1 scale mail of Guxan {Will++ Int+3}
 28329 | Lair:3   | Found a runed translucent gate.
 28329 | Lair:3   | Noticed Disaer's ghost (journeyman TrMo)
 28329 | Lair:3   | Noticed Gelon's ghost (journeyman TeAE)
 28330 | Lair:3   | Found a runed translucent gate.
 28332 | Lair:3   | Noticed Goddom's ghost (journeyman TrFi)
 28332 | Lair:3   | Noticed Onkuvak's ghost (journeyman TrMo)
 28333 | Lair:3   | Noticed Goddom's ghost (journeyman TrFi)
 28341 | Lair:3   | Killed Goddom's ghost
 28344 | Lair:3   | Killed Gelon's ghost
 28347 | Lair:3   | Killed Goddom's ghost
 28352 | Lair:3   | Killed Onkuvak's ghost
 28360 | Lair:3   | Killed Disaer's ghost
 28361 | Lair:3   | Reached skill level 12 in Stealth
 29097 | Lair:4   | You fall into a shaft and drop 2 floors!
 29097 | Lair:6   | Entered Level 6 of the Lair of Beasts
 30173 | Lair:4   | Identified the +5 scimitar of an ossuary {elec, rN+}
 30268 | Lair:4   | Reached skill level 5 in Transmutations
 30661 | Lair:4   | Reached skill level 10 in Fighting
 31503 | Lair:4   | Reached XP level 14. HP: 66/66 MP: 28/28
 31619 | Lair:5   | Reached skill level 10 in Spellcasting
 32703 | Lair:5   | Found a viscous altar of Jiyva.
 32703 | Lair:5   | Found a staircase to the Slime Pits.
 35214 | Lair:6   | Reached skill level 13 in Stealth
 39357 | Lair:5   | Bought a scroll of teleportation for 51 gold pieces
 39837 | Lair:6   | Found a runed translucent door.
 39838 | Lair:6   | Noticed crawlogic's ghost (journeyman HOBe)
 40233 | Lair:6   | Reached skill level 5 in Earth Magic
 41437 | Lair:6   | Killed crawlogic's ghost
 41656 | D:10     | Bought a scroll of teleportation for 75 gold pieces
 41656 | D:10     | Bought a potion of curing for 75 gold pieces
 41656 | D:10     | Bought a small bronze ring for 125 gold pieces
 41659 | D:10     | Learned a level 2 spell: Wereblood
 41912 | Orc:1    | Reached XP level 15. HP: 70/70 MP: 20/30
 42525 | Orc:2    | Entered Level 2 of the Orcish Mines
 42706 | Orc:2    | Found a frozen archway.
 42726 | IceCv    | Entered an ice cave
 44644 | Orc:2    | Reached skill level 14 in Stealth
 45585 | Orc:2    | Learned a level 3 spell: Lesser Beckoning
 46149 | Orc:2    | Reached skill level 1 in Translocations
 46529 | Orc:2    | Found a staircase to the Elven Halls.
 46864 | Orc:2    | Found Bolysokk's Weapon Boutique.
 46864 | Orc:2    | Found Uwato's Antique Armour Shoppe.
 46866 | Orc:2    | Found Kidagg's Antique Weapon Emporium.
 46868 | Orc:2    | Found Romeler's Assorted Antiques.
 46880 | Orc:2    | Bought a potion of heal wounds for 205 gold pieces
 46880 | Orc:2    | Bought a scroll of acquirement for 2132 gold pieces
 46882 | Orc:2    | Acquired the amulet "Evine" {Regen+ Str+6 Dex+3}
 47187 | Elf:1    | Entered Level 1 of the Elven Halls
 47207 | Elf:1    | Noticed Azrael
 48104 | D:14     | HP: 2/71 [constriction (3)]
 48105 | D:14     | Slain by Jorgrun
 48106 | D:14     | Reached XP level 14. HP: -4/67 MP: 25/29
 48326 | D:14     | Killed Jorgrun
 48645 | D:14     | Reached skill level 10 in Unarmed Combat
 48793 | D:15     | Entered Level 15 of the Dungeon
 50409 | D:15     | Found a staircase to the Depths.
 50437 | Depths:1 | Entered Level 1 of the Depths
 50555 | Depths:1 | Reached XP level 15. HP: 42/71 MP: 8/31
 50696 | Depths:1 | Found a gateway to Hell.
 50961 | Depths:1 | Found a one-way gateway to a ziggurat.
 52008 | Depths:1 | Noticed a lich
 52017 | D:15     | Killed a lich
 52367 | D:15     | Reached skill level 5 in Translocations
 52505 | D:15     | Reached skill level 15 in Stealth
 52838 | Orc:2    | Killed Azrael
 53142 | Elf:1    | Upgraded the game from 0.29-a0-819-g94b489e0ae to
                  | 0.29-a0-822-ga620ab95ad
 53760 | Elf:1    | Paralysed by an air elemental for 1 turns
 53774 | Elf:1    | Paralysed by an air elemental for 1 turns
 53779 | Elf:1    | Paralysed by an air elemental for 1 turns
 54051 | Elf:1    | Noticed Zenata
 54066 | Elf:1    | Killed Zenata
 54616 | Elf:1    | Reached XP level 16. HP: 76/76 MP: 20/32
 54976 | Elf:1    | Noticed Frances
 54982 | Elf:1    | Killed Frances
 55329 | Elf:2    | Noticed a deep elf blademaster
 55337 | Elf:2    | Found a runed translucent gate.
 55337 | Elf:2    | Found a runed translucent gate.
 55338 | Elf:2    | Found a runed translucent gate.
 55626 | Elf:2    | Shot with an arrow by a deep elf archer
 55627 | Elf:2    | Reached XP level 15. HP: -2/93 MP: 10/32
 55915 | Elf:2    | Identified the +2 robe of the Wumpus {rF+}
 56638 | Elf:2    | Reached skill level 10 in Transmutations
 56733 | Elf:2    | Slain by a +2 flail of protection
 56734 | Elf:2    | Reached XP level 14. HP: -5/89 MP: 23/31
 56734 | Elf:2    | Quit the game

Illustrated notes

Levels and vault maps discovered:
D:1:      denvon_arrival_hothouse, layout_basic, serial_shops, shop,
          minmay_tromino_i2
D:2:      layout_loops_corners, serial_shops, shop_statue,
          kennysheep_generic_room_7
D:3:      layout_basic, marbit_many_paths,
          dreamdust_ecumenical_altar_hidden_monk_grotto, uniq_natasha,
          uniq_crazy_yiuf_cottage, uniq_terence
D:4:      minmay_octagon_keep, layout_loops_corners, uniq_ijyb
D:5:      minmay_recursive_quarters, layout_loops_ring, lemuel_blue_sif_altar,
          lemuel_doored_altar, st_stairs_7
D:6:      layout_loops_corners, grunt_temple_overflow_gold_and_silver,
          mainiacjoe_overflow_small_starburst, minmay_temple_entry_ruins,
          serial_shops, shop, nicolae_shop_advertising_works
          [nicolae_subvault_shop_adworks], minmay_diced_spiral, uniq_edmund
D:7:      layout_loops_ring, mainiacjoe_overflow_concentric_impassable,
          grunt_dithmenos_smoke, mainiacjoe_overflow_alcove_2
D:8:      layout_basic, mainiacjoe_overflow_cross_hatched,
          nicolae_overflow_crystal_walls, uniq_erica
D:9:      layout_long_grid, lemuel_tele_altar, tgw_kikubaaqudgha,
          lemuel_coloured_pillars_altar, lemuel_crystal_altar,
          minmay_orc_entry_guard_dogs, serial_shops, shop_fountains,
          enter_bailey_5, uniq_gastronok, uniq_pikel, uniq_prince_ribbit1
D:10:     layout_small_grid, kennysheep_mini_moat, erik_lair_orcish_takeover,
          serial_shops, kennysheep_little_box, uniq_grum, uniq_maggie,
          uniq_josephine
D:11:     layout_cave_pools
D:12:     layout_long_grid
D:13:     layout_basic, david_vaults_1, kennysheep_small_spiral
D:14:     layout_cave_pools, minmay_fountain_box, kennysheep_pointless_box,
          minivault_8, uniq_jorgrun
D:15:     grunt_enter_depths_hoard, layout_loops_cross
Temple:   hellmonk_temple_micro_hex
Lair:1:   layout_cave_pods
Lair:2:   layout_layer_cave, shoals_dummy_entry,
          minmay_snake_entry_six_corridors, grunt_megastairs_4,
          lemuel_fruit_tree
Lair:3:   layout_gridlike, gammafunk_ghost_cemetery,
          grunt_forest_small_clearing_treed, grunt_megastairs_2,
          infiniplex_staircase_pool_2
Lair:4:   layout_regular_city
Lair:5:   layout_roguey, minmay_slime_entry_oklob_open
Lair:6:   hangedman_lair_caniforms_friends, layout_regular_city,
          hangedman_lair_tendril_chambers, ebering_ghost_inner_flame,
          st_stairs_10, nicolae_lair_grove_arrangements,
          infiniplex_staircase_pool
Orc:1:    cheibrodos_orc_guarddog, layout_caves
Orc:2:    st_orc_rangers, layout_diamond_mine, portal_ice_cave_demonic_guard,
          special_room
Elf:1:    eino_elf_arrival_the_gate, layout_loops_corners,
          hangedman_elven_crosses_minicolossus, uniq_azrael, uniq_zenata,
          uniq_frances
Elf:2:    nicolae_elf_blades_crystal_corner, layout_geoelf_diagonals
Depths:1: layout_cross, enter_ziggurat_a,
          nicolae_abyss_entry_one_way_or_another, minmay_misc_feat_x,
          grunt_pan_entry_in_and_out, gammafunk_ghost_grave,
          pf_hell_entry_tar_river, kennysheep_generic_room_10

Skill      XL: |  1  2  3  4  5  6  7  8  9 10 11 12 13 14 15 16 |
---------------+-------------------------------------------------+-----
Air Magic      | 3 4 5 6 8 9 10 11 12 13 | 13.4
Spellcasting   | 3 4 5 6 7 8 9 11 12 | 12.2
Fighting       | 1 2 3 5 6 7 8 9 10 12 | 12.5
Stealth        | 5 7 9 11 12 13 15 | 15.0
Dodging        | 5 7 8 10 11 12 14 | 14.9
Unarmed Combat | 3 4 6 7 8 10 | 10.5
Transmutations | 1 2 3 5 8 10 | 10.0
Earth Magic    | 3 6 |  6.6
Translocations | 4 8 |  8.6
Conjurations   | |  0.8

Action                   |  1- 3 |  4- 6 |  7- 9 | 10-12 | 13-15 | 16-18 || total
-------------------------+-------+-------+-------+-------+-------+-------++-------
Melee: Unarmed           |     5 |     3 |     1 |    22 |   345 |    60 ||   436
       Bite              |     1 |     1 |       |     3 |    51 |    13 ||    69
       Punch             |       |       |       |     2 |    20 |     4 ||    26
 Cast: Shock             |    92 |    88 |   138 |   157 |   183 |       ||   658
       Static Discharge  |     6 |    16 |    52 |    59 |   173 |     4 ||   310
       Airstrike         |       |       |    36 |   151 |   549 |     5 ||   741
       Swiftness         |       |       |     1 |     3 |     8 |       ||    12
       Mephitic Cloud    |       |       |     3 |    61 |   109 |    11 ||   184
       Ignite Poison     |       |       |       |    41 |    41 |       ||    82
       Lightning Bolt    |       |       |       |    14 |   133 |       ||   147
       Statue Form       |       |       |       |       |    73 |     7 ||    80
       Lesser Beckoning  |       |       |       |       |    10 |     4 ||    14
       Wereblood         |       |       |       |       |     5 |       ||     5
Invok: Potion Petition   |       |       |       |     1 |     4 |     1 ||     6
       Call Merchant     |       |       |       |     1 |     3 |       ||     4
 Abil: End Transformatio |       |       |       |       |     4 |     1 ||     5
Evoke: Wand              |       |       |     5 |    11 |    11 |       ||    27
       Piece from Xom's  |       |       |       |     9 |     4 |       ||    13
       Phantom mirror    |       |       |       |       |     1 |       ||     1
  Use: Scroll            |     2 |     2 |     3 |    19 |    23 |     4 ||    53
       Potion            |       |       |       |     2 |     5 |     1 ||     8
 Stab: Sleeping          |     1 |     3 |     1 |     6 |    16 |     3 ||    30
       Paralysed         |       |       |       |     3 |       |       ||     3
       Confused          |       |       |       |       |    25 |     5 ||    30
       Distracted        |       |       |       |       |     4 |     1 ||     5
       Invisible         |       |       |       |       |       |     4 ||     4
Armor: Skin              |       |       |       |     5 |   165 |    12 ||   182
Dodge: Dodged            |    18 |    28 |    51 |    92 |   965 |    65 ||  1219

Table legend: (Time is in decaauts)
 A = Elapsed time spent in this place.
 B = Non-inter-level travel time spent in this place.
 C = Inter-level travel time spent in this place.
 D = Time resting spent in this place.
 E = Time spent auto-exploring this place.
 F = Levels seen in this place.
 G = Mean time per level.
                   A        B        C        D        E       F      G
               +--------+--------+--------+--------+--------+-----+--------+
         Total |  54172 |  52407 |   1765 |  12646 |  32097 |  29 | 1868.0 |
       Dungeon |  26059 |  24899 |   1160 |   5086 |  16703 |  15 | 1737.3 |
        Temple |      1 |      1 |      0 |      0 |      0 |   1 |    1.0 |
          Lair |  16670 |  16227 |    443 |   5082 |   9193 |   6 | 2778.3 |
  Orcish Mines |   4328 |   4183 |    145 |   1178 |   2054 |   2 | 2164.0 |
   Elven Halls |   3861 |   3845 |     16 |    595 |   2265 |   2 | 1930.5 |
        Depths |    642 |    642 |      0 |     76 |    350 |   1 |  642.0 |
        Bailey |    733 |    733 |      0 |    268 |    341 |   1 |  733.0 |
      Ice Cave |   1874 |   1874 |      0 |    358 |   1189 |   1 | 1874.0 |
               +--------+--------+--------+--------+--------+-----+--------+

Top non-repeatable levels by time:
  Lair:6: 6613 daAuts
    D:15: 3449 daAuts
  Lair:5: 2930 daAuts
     D:9: 2779 daAuts
   Orc:2: 2589 daAuts
    D:13: 2406 daAuts
   Elf:1: 2132 daAuts
  Lair:2: 2068 daAuts
  Lair:4: 1960 daAuts
   IceCv: 1874 daAuts
    D:10: 1827 daAuts
     D:5: 1820 daAuts
     D:8: 1799 daAuts
  Lair:1: 1792 daAuts
   Orc:1: 1738 daAuts
